 Dungeon Crawl Stone Soup version 0.20.1-1-g8b1a95d (webtiles) character file.

102 polve the Slasher (level 4, 0/23 HPs)
             Began as a Vine Stalker Fighter on July 23, 2017.
             Slain by bli's ghost (9 damage)
             ... on level 3 of the Dungeon.
             The game lasted 00:01:25 (1692 turns).

polve the Slasher (Vine Stalker Fighter)            Turns: 1692, Time: 00:01:26

Health: 0/23       AC:  6    Str: 18    XL:     4   Next: 77%
Magic:  0/5        EV:  7    Int:  8    God:
Gold:   142        SH:  9    Dex: 15    Spells: 3/3 levels left

rFire    . . .     SeeInvis .   a - +0 long sword
rCold    . . .     Gourm    .   c - +0 shield
rNeg     . . .     Faith    .   b - +0 scale mail
rPois    .         Spirit   +   (no helmet)
rElec    .         Reflect  .   (no cloak)
rCorr    .         Harm     .   (no gloves)
MR       .....                  (no boots)
Stlth    ..........             (no amulet)
Regen    0.5/turn               (no ring)
MPRegen  0.1/turn               (no ring)

@: no status effects
A: fangs 2, regeneration 1, magic shield, antimagic bite, no potion heal 3, rot
immunity
a: no special abilities


You were on level 3 of the Dungeon.
You were not hungry.

You visited 1 branch of the dungeon, and saw 3 of its levels.

You collected 142 gold pieces.

Inventory:

Hand Weapons
 a - a +0 long sword (weapon)
Armour
 b - a +0 scale mail (worn)
 c - a +0 shield (worn)
Jewellery
 n - an uncursed ring of positive energy {unknown}
Scrolls
 e - a scroll of fear {unknown}
 g - 2 scrolls of immolation {unknown}
 h - a scroll of remove curse {unknown}
 i - a scroll of recharging {unknown}
 k - 2 scrolls of blinking {unknown}
 s - a scroll of identify {unknown}
Potions
 d - a potion of might
 l - 3 potions of curing {unknown}
 m - a potion of mutation {unknown}
 p - a potion of cancellation {unknown}
 q - a potion of ambrosia {unknown}
Comestibles
 f - 2 bread rations
 j - 3 fruits
 o - a meat ration
 r - 4 chunks of flesh


   Skills:
 - Level 2.6 Fighting
 + Level 4.3 Long Blades
 - Level 2.4 Armour
 - Level 2.6 Shields


You had 3 spell levels left.
You didn't know any spells.

Dungeon Overview and Level Annotations

Branches:
Dungeon (3/15)

Altars:
Sif Muna
Zin

Annotations:
D:3 bli's ghost, amateur BaIE


Innate Abilities, Weirdness & Mutations

You have extremely sharp teeth.
Your natural rate of healing is unusually fast.
When hurt, damage is shared between your health and your magic reserves.
Your bite disrupts and absorbs the magic of your enemies.
Potions cannot restore your health.
You are immune to rotting.


Message History

The adder is almost dead.
The adder bites you but does no damage. You block the adder's attack.
You miss the adder. You bite the adder. You drain its power.
You kill the adder!
The rat bites you but does no damage.
You slash the rat!
You kill the rat!
Unknown command.
Unknown command.
You closely miss bli's ghost. Your bite misses bli's ghost.
Bli's ghost hits you.
You hit bli's ghost but do no damage.
Bli's ghost hits you but does no damage.
Bli's ghost points at you and mumbles some strange words.
You are frozen.
* * * LOW HITPOINT WARNING * * *
You closely miss bli's ghost. Bli's ghost hits you.
* * * LOW HITPOINT WARNING * * *
You are electrocuted!
You die...

#...# #...#.# #...#.#
#...#.# ###...#.#
#.......# #.......#
############.......#
..........W@.......#
.........####.....#.##
..........# #....##..#
..........# #....###.#
.........W# #....#
#.## # ..........#
#....# #..# .#
......[...# #....#
##.###.### ..........#
#....# #........
.....)....# #....#
#........


You could see bli's ghost.

Vanquished Creatures
  5 adders
  A worm (D:2)
  A dart slug (D:1)
  2 leopard geckos (D:2)
  4 goblins
  6 hobgoblins
  8 jackals
  5 kobolds
  A quokka (D:2)
  6 bats
  9 rats
48 creatures vanquished.

Notes
Turn   | Place    | Note
-------+----------+-------------------------------------------
     0 | D:1      | polve the Vine Stalker Fighter began the quest for the Orb.
     0 | D:1      | Reached XP level 1. HP: 11/11 MP: 2/2
    27 | D:1      | Reached skill level 2 in Long Blades
    80 | D:1      | Reached XP level 2. HP: 16/16 MP: 3/3
   431 | D:1      | Reached skill level 3 in Long Blades
   487 | D:1      | Reached XP level 3. HP: 19/19 MP: 4/4
   739 | D:2      | Gained mutation: Your natural rate of healing is unusually fast. [Vine Stalker growth]
   739 | D:2      | Reached XP level 4. HP: 11/23 MP: 3/5
  1051 | D:2      | Reached skill level 4 in Long Blades
  1137 | D:2      | Found a deep blue altar of Sif Muna.
  1216 | D:2      | Found a glowing silver altar of Zin.
  1667 | D:3      | Noticed bli's ghost (amateur BaIE)
  1692 | D:3      | Slain by bli's ghost

Skill      XL: |  1  2  3  4 |
---------------+-------------+-----
Long Blades    | 2 3 4 |  4.3
Fighting       | |  2.6
Armour         | |  2.4
Shields        | |  2.6

Action                   |  1- 3 |  4- 6 || total
-------------------------+-------+-------++-------
Melee: Long sword        |    73 |    62 ||   135
       Bite              |    18 |    19 ||    37
  Eat: Chunk             |       |     3 ||     3
Armor: Scale mail        |    30 |    38 ||    68
Dodge: Dodged            |    24 |    31 ||    55
Block: Shield            |    36 |    31 ||    67
       Rpst.: Long sword |    10 |     8 ||    18
